 Dungeon Crawl Stone Soup version 0.22-a0-542-gce4f928 (webtiles) character file.

114 inc the Skirmisher (level 4, 0/33 HPs)
             Began as an Octopode Wizard on June 24, 2018.
             Slain by an adder (3 damage)
             ... on level 3 of the Dungeon.
             The game lasted 00:02:13 (2565 turns).

inc the Skirmisher (Octopode Wizard)                Turns: 2565, Time: 00:02:14

Health: 0/33       AC:  1    Str:  6    XL:     4   Next: 97%
Magic:  8/8        EV: 13    Int: 21    God:
Gold:   105        SH:  0    Dex: 10    Spells: 8/9 levels left

rFire    . . .     SeeInvis .   l - +0 dagger (vamp)
rCold    . . .     Gourm    .   (no shield)
rNeg     . . .     Faith    .   a - +0 hat
rPois    .         Spirit   .   (no amulet)
rElec    .         Reflect  .   (no ring)
rCorr    .         Harm     .   (no ring)
MR       .....                  (no ring)
Stlth    +++.......             (no ring)
HPRegen  0.11/turn              (no ring)
MPRegen  0.11/turn              (no ring)
                                (no ring)
                                (no ring)

@: lethally poisoned (0 -> -6)
A: almost no armour, stealthy swim, amphibious, 8 rings, constrict 8, camouflage
1, gelatinous body 1
a: no special abilities


You were on level 3 of the Dungeon.
You were not hungry.

You visited 1 branch of the dungeon, and saw 3 of its levels.

You collected 105 gold pieces.

Inventory:

Hand Weapons
 d - a +0 short sword
 l - a +0 vampiric dagger (weapon)
Armour
 a - a +0 hat (worn)
Jewellery
 e - an uncursed ring of resist corrosion {unknown}
Scrolls
 b - a scroll of enchant weapon {unknown}
 f - 2 scrolls of identify {unknown}
 g - a scroll of random uselessness {unknown}
 h - 2 scrolls of remove curse {unknown}
 i - 2 scrolls of immolation {unknown}
 k - a scroll of teleportation {unknown}
 m - a scroll of fear {unknown}
Potions
 j - a potion of curing {unknown}
Comestibles
 c - a ration


   Skills:
 - Level 4.1 Fighting
 + Level 1.1 Short Blades
 - Level 2.0 Dodging
 - Level 2.6 Stealth
 - Level 3.0 Spellcasting
 - Level 1.0 Conjurations
   Level 1.0 Summonings
   Level 1.0 Translocations


You had 8 spell levels left.
You knew the following spells:

 Your Spells              Type           Power        Failure   Level  Hunger
a - Magic Dart            Conj           #...         9%          1    None

Your spell library contained the following spells:

 Spells                   Type           Power        Failure   Level  Hunger
 Conjure Flame            Conj/Fire      #.......     32%         3    ###....
 Slow                     Hex            #.......     21%         2    ##.....
 Mephitic Cloud           Conj/Pois/Air  #.......     34%         3    ###....
 Blink                    Tloc           N/A          13%         2    ##.....
 Call Imp                 Summ           #.......     13%         2    ##.....


Dungeon Overview and Level Annotations

Branches:
Dungeon (3/15)

Altars:
Fedhas


Innate Abilities, Weirdness & Mutations

You cannot wear most types of armour.
You are very stealthy in the water. (Stealth+)
You are amphibious.
You can wear up to eight rings at the same time.
You can use your tentacles to constrict eight enemies at once.
Your skin changes colour to match your surroundings (Stealth+).
Your rubbery body absorbs attacks. (AC +1, EV +1)


Message History

You hit the adder but do no damage. You grab the adder.
You constrict the adder, but do no damage.
You constrict the hobgoblin.
You kill the hobgoblin!
The adder bites you.
* * * LOW HITPOINT WARNING * * *
You are more poisoned.
The adder poisons you!
You hit the adder.
You feel better.
The adder is lightly wounded.
You constrict the adder, but do no damage.
* * * LOW HITPOINT WARNING * * *
You feel sick. The adder barely misses you.
Unknown command.
You hit the adder.
The adder is lightly wounded.
You constrict the adder.
* * * LOW HITPOINT WARNING * * *
You feel sick. The adder bites you.
You die...

#.....#####.#
###.....#####>#
#..........##.#
........##.##.#
#.r5.......[#
.....##.......#
.(. #.##.##.# .
#.#S)##.#
#%#@###.# #.#.#
#!# #.... [.#
#.#.## .# #.#..
. ... ## #..
....


You could see an adder.

Vanquished Creatures
  A hound (D:2)
  A gnoll (D:1)
  2 adders
  2 dart slugs
  A giant cockroach (D:1)
  8 goblins
  4 hobgoblins
  6 jackals (D:2)
  8 bats
  A frilled lizard (D:1)
  6 kobolds
  10 rats
50 creatures vanquished.

Notes
Turn   | Place    | Note
-------+----------+-------------------------------------------
     0 | D:1      | inc the Octopode Wizard began the quest for the Orb.
     0 | D:1      | Reached XP level 1. HP: 11/11 MP: 4/4
   130 | D:1      | Reached skill level 1 in Fighting
   531 | D:1      | Reached XP level 2. HP: 18/18 MP: 6/6
   802 | D:1      | Reached skill level 2 in Fighting
   816 | D:1      | Reached XP level 3. HP: 18/25 MP: 7/7
  1305 | D:2      | Reached skill level 3 in Fighting
  1305 | D:2      | Reached XP level 4. HP: 25/31 MP: 8/8
  1965 | D:2      | Found a blossoming altar of Fedhas.
  1972 | D:2      | Reached skill level 4 in Fighting
  2216 | D:2      | Found a faded altar of an unknown god.
  2560 | D:3      | Reached skill level 1 in Short Blades
  2565 | D:3      | Slain by an adder

Vault maps used:
D:1:      mrwooster_arrival_statue_2
D:2:      serial_glass, glass_columns_b, glass_columns_c,
          chequers_ecumenical_altar_simple, fedhas_altar_1
D:3:      gup_sewer_entry_bowl, first_ration

Skill      XL: |  1  2  3  4 |
---------------+-------------+-----
Fighting       | 1 2 3 4 |  4.1
Short Blades   | 1 |  1.1
Dodging        | |  2.0
Stealth        | |  2.6
Spellcasting   | |  3.0
Conjurations   | |  1.0
Summonings     | |  1.0
Translocations | |  1.0

Action                   |  1- 3 |  4- 6 || total
-------------------------+-------+-------++-------
Melee: Short sword       |    60 |    21 ||    81
       Constrict         |    14 |    22 ||    36
       Tentacles         |     6 |     7 ||    13
       Dagger            |       |    63 ||    63
 Stab: Sleeping          |     6 |     6 ||    12
  Eat: Chunk             |     1 |     2 ||     3
       Ration            |       |     2 ||     2
Armor: Skin              |     2 |     6 ||     8
Dodge: Dodged            |    46 |    58 ||   104

Table legend:
 A = Spawn XP
 B = Non-spawn XP
 C = Spawn XP percentage of total XP
 D = Spawn monster count
 E = Non-spawn monster count
 F = Spawn count percentage of total count
 G = Total turns spent on level
                    A         B        C        D         E        F      G
               +---------+---------+-------+---------+---------+-------+---------
         Total |       0 |     163 |   0.0 |       0 |      50 |   0.0 |  2565
               +---------+---------+-------+---------+---------+-------+---------
           D:1 |       0 |      43 |   0.0 |       0 |      21 |   0.0 |  1284
           D:2 |       0 |      99 |   0.0 |       0 |      24 |   0.0 |  1177
           D:3 |       0 |      21 |   0.0 |       0 |       5 |   0.0 |   104
               +---------+---------+-------+---------+---------+-------+---------
